 Dungeon Crawl Stone Soup version 0.30-a0-292-g0f741e3f8e (webtiles) character file.

Game seed: 10433970991591942177

33 Flugkiller the Cutter (level 3, 0/27 HPs)
             Began as a Demonspawn Gladiator on Oct 17, 2022.
             Slain by an adder (4 damage)
             ... on level 1 of the Dungeon.
             The game lasted 00:00:49 (918 turns).

Flugkiller the Cutter (Demonspawn Gladiator)         Turns: 918, Time: 00:00:50

Health: 0/27       AC:  5    Str: 14    XL:     3   Next: 12%
Magic:  12/12      EV: 12    Int:  9    God:
Gold:   21         SH:  0    Dex: 16    Spells: 2/2 levels left

rFire   . . .      SeeInvis .    a - +0 rapier
rCold   + . .      Faith    .    (no shield)
rNeg    . . .      Spirit   .    b - +0 leather armour
rPois   .          Reflect  .    c - +1 helmet
rElec   .          Harm     .    (no cloak)
rCorr   .          Rampage  .    (no gloves)
Will    .....                    (no boots)
Stlth   +.........               (no amulet)
HPRegen 0.24/turn                g - ring of magical power
MPRegen 0.13/turn                p - ring of protection from cold

@: no status effects
A: demonic magic 1
a: no special abilities


You were on level 1 of the Dungeon.
You visited 1 branch of the dungeon, and saw 2 of its levels.

You collected 21 gold pieces.

Inventory:

Hand Weapons
 a - a +0 rapier (weapon)
 f - a +0 long sword
   (You found it on level 1 of the Dungeon)
Missiles
 d - 3 throwing nets (quivered)
 e - a javelin
Armour
 b - a +0 leather armour (worn)
 c - a +1 helmet (worn)
Jewellery
 g - a ring of magical power (left hand)
   (You found it on level 1 of the Dungeon)
 p - a ring of protection from cold (right hand)
   (You found it on level 1 of the Dungeon)


   Skills:
 - Level 2.0 Fighting
 + Level 3.9 Short Blades
 - Level 1.7 Throwing
 - Level 2.6 Dodging


You had 2 spell levels left.
You didn't know any spells.
Your spell library was empty.

Dungeon Overview and Level Annotations

Branches:
Dungeon (2/15) Zot: 11075

Altars:


Innate Abilities, Weirdness & Mutations

Spells you cast may paralyse adjacent enemies.


Message History

There is a stone staircase leading down here.
You are too injured to fight recklessly!
You are too injured to fight recklessly!
You hit the hobgoblin.
You kill the hobgoblin!
You have reached level 3!
Your experience leads to an increase in your attributes!
Increase (S)trength, (I)ntelligence, or (D)exterity?
You feel agile. x2
You hit the hobgoblin but do no damage. The hobgoblin closely misses you.
The goblin hits you but does no damage.
You hit the hobgoblin but do no damage. The hobgoblin hits you.
* * * LOW HITPOINT WARNING * * *
The goblin closely misses you.
You hit the hobgoblin.
You kill the hobgoblin!
You hit the goblin.
The goblin is heavily wounded.
The goblin barely misses you. The goblin misses you.
You hit the goblin.
You kill the goblin!
The goblin barely misses you.
You barely miss the goblin. The goblin barely misses you.
You hit the goblin but do no damage. The goblin hits you but does no damage.
You barely miss the goblin. The goblin misses you.
You hit the goblin but do no damage. The goblin hits you with a +0 dagger.
* * * LOW HITPOINT WARNING * * *
You completely miss the goblin. The goblin hits you with a +0 dagger.
* * * LOW HITPOINT WARNING * * *
You hit the goblin but do no damage.
The goblin no longer looks unusually strong.
The goblin hits you but does no damage.
You hit the goblin.
The goblin is moderately wounded.
The goblin hits you but does no damage.
You puncture the goblin!
You kill the goblin!
Things that are here:
a +0 dagger; a +0 club
Items here: ))))) †††.
You start resting.
HP restored.
There is a stone staircase leading down, spattered with blood here.
You climb downwards.
Level annotation: Robin The adder bites you.
The adder barely misses you.
There is a stone staircase leading up here.
The adder bites you but does no damage. Robin throws the goblin at you!
You climb upwards.
There is a stone staircase leading down, spattered with blood here.
You hit Robin.
Robin is lightly wounded.
The adder bites you.
You are poisoned.
The adder poisons you! Robin barely misses you.
The adder bites you but does no damage.
You barely miss Robin.
Robin is lightly wounded.
You feel sick. Robin misses you. The adder bites you but does no damage.
You hit Robin but do no damage.
Robin is lightly wounded.
You feel sick. The adder closely misses you. Robin hits you with a +0 mace.
You hit Robin.
Robin is moderately wounded.
You feel sick. The adder closely misses you. Robin hits you with a +0 mace.
The adder misses you.
You are too injured to fight recklessly!
You are too injured to fight recklessly!
You are too injured to fight recklessly!
You are too injured to fight recklessly!
You aren't carrying any potions.
Unknown command.
As you read the scroll labelled PEUW RODWUTEF, it crumbles to dust.
It is a scroll of enchant armour.
Your +0 helmet glows green for a moment.
You feel sick. Robin barely misses you. The adder barely misses you.
You hit Robin but do no damage.
Robin is moderately wounded.
You feel sick. Robin hits you but does no damage. The adder closely misses you.
You hit Robin.
Robin is heavily wounded.
You feel sick. The adder bites you but does no damage. Robin barely misses you.
You hit Robin.
Robin is severely wounded.
You feel sick.
You are no longer poisoned.
The adder bites you. Robin barely misses you.
The adder bites you but does no damage.
You closely miss Robin.
Robin is severely wounded.
Robin hits you with a +0 mace.
* * * LOW HITPOINT WARNING * * *
The adder barely misses you.
You hit Robin.
Robin is almost dead.
The adder barely misses you. Robin barely misses you.
You hit Robin.
You kill Robin!
The adder misses you. The adder bites you.
You die...

### #########.# ..........#
..........########
...............)@# ####
...........>..#S##### #####...
....................######......#
#.####.#####................#####
..##.....#.................##
####.......................# #
...........................# #
#####.#.#.###..............## #
#####.#.#.###.##............#####


You could see an adder.

Vanquished Creatures
  Robin (D:1)
  An adder (D:2)
  4 ball pythons (D:1)
  An endoplasm (D:1)
  A giant cockroach (D:2)
  8 goblins
  3 hobgoblins
  2 bats (D:1)
  A frilled lizard (D:1)
  A rat (D:1)
23 creatures vanquished.

Notes
Turn   | Place    | Note
-------+----------+-------------------------------------------
     0 | D:1      | Flugkiller the Demonspawn Gladiator began the quest for the
                  | Orb.
     0 | D:1      | Reached XP level 1. HP: 16/16 MP: 1/1
   157 | D:1      | Reached skill level 3 in Short Blades
   413 | D:1      | Gained mutation: Spells you cast may paralyse adjacent
                  | enemies. [demonic ancestry]
   413 | D:1      | Reached XP level 2. HP: 22/22 MP: 2/2
   619 | D:2      | Noticed Robin
   809 | D:1      | Reached XP level 3. HP: 11/27 MP: 3/3
   918 | D:1      | Killed Robin
   918 | D:1      | Slain by an adder

Illustrated notes

Levels and vault maps discovered:
D:1:      elethiomel_arrival_infinity_welcomes_careful_drivers, layout_rooms
D:2:      layout_rooms, serial_co_window_serial, co_window_of_opportunity_a,
          co_window_paths_a, co_window_corner_a, co_window_paths_a,
          co_window_of_opportunity_a, co_window_of_opportunity_a,
          co_window_cross_1, co_window_paths_c, co_window_paths_c,
          co_window_of_opportunity_c, co_window_corner_cb, co_window_4corner_b,
          glass_columns_a, glass_columns_a, glass_columns_b, uniq_sigmund,
          uniq_robin

Skill      XL: |  1 |
---------------+----+-----
Short Blades   | 3 |  3.9
Fighting       | |  2.0
Throwing       | |  1.7
Dodging        | |  2.6

Action                   || total
-------------------------++-------
Melee: Rapier            ||    97
       Punch             ||     1
  Use: Scroll            ||     1
 Stab: Distracted        ||     1
       Sleeping          ||     1
Armor: Leather armour    ||    50
Dodge: Dodged            ||    80

Table legend: (Time is in decaauts)
 A = Elapsed time spent in this place.
 B = Non-inter-level travel time spent in this place.
 C = Inter-level travel time spent in this place.
 D = Time resting spent in this place.
 E = Time spent auto-exploring this place.
 F = Levels seen in this place.
 G = Mean time per level.
                   A        B        C        D        E       F      G
               +--------+--------+--------+--------+--------+-----+--------+
         Total |    923 |    895 |     28 |    193 |    491 |   2 |  461.5 |
       Dungeon |    923 |    895 |     28 |    193 |    491 |   2 |  461.5 |
               +--------+--------+--------+--------+--------+-----+--------+

Top non-repeatable levels by time:
     D:1: 841 daAuts
     D:2: 82 daAuts
